 Dungeon Crawl Stone Soup version 0.24-a0-530-g18ba70b503 (webtiles) character file.

Game seed: 2565439774607533996

10607 TribbleFun the Severer (level 11, -1/101 HPs)
             Began as a Hill Orc Fighter on Aug 7, 2019.
             Slain by an ettin
             ... wielding a +0 dire flail
              (6 damage)
             ... on level 1 of the Orcish Mines.
             The game lasted 00:47:17 (13222 turns).

TribbleFun the Severer (Hill Orc Fighter)          Turns: 13222, Time: 00:47:17

Health: -1/101     AC: 12    Str: 20    XL:     11   Next: 64%
Magic:  11/11      EV: 10    Int:  8    God:
Gold:   1267       SH: 11    Dex: 11    Spells: 10/10 levels left

rFire    . . .     SeeInvis .   a - +1 war axe
rCold    + . .     Gourm    .   c - +1 shield
rNeg     + . .     Faith    .   s - +2 ring mail of the Trilobite {rPois rN+ Str-2}
rPois    +         Spirit   .   (no helmet)
rElec    .         Reflect  .   k - scarf {repulsion}
rCorr    .         Harm     .   (no gloves)
MR       .....                  r - +2 pair of boots
Stlth    ++........             (no amulet)
HPRegen  0.26/turn              p - ring of stealth
MPRegen  0.12/turn              (no ring)

@: repel missiles
A: cold resistance 1, mutation resistance 1, shaggy fur 1
a: no special abilities


You were on level 1 of the Orcish Mines.
You were not hungry.

You visited 2 branches of the dungeon, and saw 12 of its levels.

You collected 1267 gold pieces.

Inventory:

Hand Weapons
 a - a +1 war axe (weapon)
Missiles
 m - 28 poisoned darts (quivered)
 o - 3 atropa-tipped darts
Armour
 c - a +1 shield (worn)
 k - a scarf of repulsion (worn)
 r - a +2 pair of boots (worn)
 s - the +2 ring mail of the Trilobite (worn) {rPois rN+ Str-2}
   (You found it on level 5 of the Dungeon)

   It affects your strength (-2).
   It protects you from poison.
   It protects you from negative energy.
 t - a +0 plate armour
Magical Staves
 i - an uncursed staff of cold
Jewellery
 p - a ring of stealth (left hand)
Wands
 b - a wand of digging (12)
 u - a wand of disintegration (7)
Scrolls
 e - a scroll of magic mapping
 h - 7 scrolls of identify
 j - 5 scrolls of fog
 l - 7 scrolls of remove curse
 q - 5 scrolls of teleportation
Potions
 d - 3 potions of might
 g - a potion of invisibility
 n - 3 potions of curing
Comestibles
 f - 8 rations


   Skills:
 * Level 10.3 Fighting
 * Level 15.6 Axes
 + Level 3.0 Throwing
 + Level 6.9 Armour
 + Level 3.2 Dodging
 + Level 2.0 Stealth
 + Level 7.4 Shields


You had 10 spell levels left.
You didn't know any spells.
Your spell library contained the following spells:

 Spells                   Type           Power        Failure   Level  Hunger
 Magic Dart               Conj           #...         88%         1    ##.....
 Blink                    Tloc           N/A          95%         2    ###....
 Call Imp                 Summ           #.......     95%         2    ###....
 Slow                     Hex            #.......     95%         2    ###....
 Conjure Flame            Conj/Fire      #.......     99%         3    ####...
 Mephitic Cloud           Conj/Pois/Air  #.......     99%         3    ####...


Dungeon Overview and Level Annotations

Branches:
Dungeon (10/15)            Temple (0/1) D:7            Lair (0/6) D:8
    Orc (2/2) D:10
    Elf: Orc:2

Altars:
Ashenzari
Dithmenos
Kikubaaqudgha
Nemelex Xobeh
Okawaru
Sif Muna
Xom
Yredelemnul

Shops:
D:7 *}

Annotations:
D:8 3 runed translucent doors, Linguinho's ghost, novice GrBe
D:9 2 transporters, Linguinho's ghost, novice GrBe


Innate Abilities, Weirdness & Mutations

Your flesh is cold resistant. (rC+)
You are somewhat resistant to further mutation.
You are covered in fur. (AC +1)


Message History

The ettin is moderately wounded.
An orc priest comes into view. It is wielding a +0 club.
You hit the ettin but do no damage.
The ettin is moderately wounded.
The ettin hits you but does no damage. You block the ettin's attack.
The ettin closely misses you. You block the ettin's attack.
The orc priest casts a cantrip, but nothing happens.
The orc warrior closely misses you.
The orc priest invokes the aid of Beogh against you.
You struggle to resist.
The orc wizard points at you and mumbles some strange words.
The magic dart hits you but does no damage.
The orc throws a boomerang.
The boomerang misses you.
The weapon returns to the orc!
The orc priest calls down the wrath of Beogh upon you.
Beogh smites you!
The ettin hits you with a +0 dire flail!!
* * * LOW HITPOINT WARNING * * *
The ettin hits you with a +3 dire flail.
You die...

####....#.........
##.#......#..#.....
###........(..(......
##..........)...(.....
#.........)()((.......
##........)).(........ ###
##....#...........#..
##.###....#.........#.#.#.
#...#...C@....#^....##....
##.....o#.....#.#.......#.
#.......##.............###
##..........#.#.......## .
###.....#...#####..#.## #
##.....o.)#...# ###### #
#....#o.#....#.# #
##......#.......#
##......#(o(..#.#..


You could see an ettin and an orc warrior.

Vanquished Creatures
  4 two-headed ogres
  An orc knight (Orc:1)
  3 trolls
  Eustachio (D:5)
  A vampire (D:10)
  Grum (D:9)
  8 wargs
  2 phantoms
  A hornet zombie (D:7)
  3 sky beasts
  10 ice beasts
  5 orc warriors
  A black bear (D:7)
  6 ogres
  4 wolves (D:9)
  A necrophage (D:5)
  4 centaurs
  2 scorpions
  9 killer bees (D:8)
  3 howler monkeys
  10 crimson imps
  5 hounds
  A bullfrog zombie (D:5)
  6 jellies
  A bullfrog skeleton (D:8)
  9 orc priests
  A centaur skeleton (D:8)
  14 orc wizards
  4 worker ants
  A hound zombie (D:8)
  A worker ant zombie (D:6)
  6 adders
  3 shadow imps
  5 oozes (D:9)
  3 adder skeletons
  2 adder zombies (D:7)
  2 worms
  A leopard gecko (D:4)
  45 orcs
  3 giant cockroaches
  7 goblins
  5 hobgoblins
  10 jackals
  3 quokkas
  4 ball pythons
  10 bats
  3 frilled lizards
  A goblin zombie (D:6)
  8 kobolds
  2 leopard gecko skeletons
  A quokka skeleton (D:7)
  A quokka zombie (D:6)
  8 rats
256 creatures vanquished.

Notes
Turn   | Place    | Note
-------+----------+-------------------------------------------
     0 | D:1      | TribbleFun the Hill Orc Fighter began the quest for the
                  | Orb.
     0 | D:1      | Reached XP level 1. HP: 19/19 MP: 1/1
     9 | D:1      | Noticed a bullfrog
    59 | D:1      | Reached XP level 2. HP: 27/27 MP: 2/2
   111 | D:1      | Reached skill level 3 in Axes
   267 | D:1      | Gained mutation: You are covered in fur. (AC +1) [potion of
                  | mutation]
   267 | D:1      | Gained mutation: You are somewhat resistant to further
                  | mutation. [potion of mutation]
   267 | D:1      | Gained mutation: Your flesh is cold resistant. (rC+)
                  | [potion of mutation]
   747 | D:2      | Reached XP level 3. HP: 31/33 MP: 3/3
   764 | D:2      | Found an iron altar of Okawaru.
   994 | D:2      | Found an ancient bone altar of Kikubaaqudgha.
  1054 | D:2      | You fall into a shaft and drop 2 floors!
  1054 | D:4      | Noticed an ogre
  1061 | D:4      | Killed an ogre
  1061 | D:4      | Reached skill level 4 in Axes
  1061 | D:4      | Reached XP level 4. HP: 27/41 MP: 4/4
  1061 | D:4      | Reached XP level 5. HP: 31/47 MP: 5/5
  1109 | D:4      | Found a deep blue altar of Sif Muna.
  1111 | D:4      | Reached skill level 5 in Axes
  2118 | D:4      | Found a shimmering altar of Xom.
  2140 | D:4      | Reached XP level 6. HP: 50/53 MP: 6/6
  2149 | D:4      | Reached skill level 6 in Axes
  2678 | D:3      | Reached skill level 1 in Dodging
  2821 | D:3      | Found a shattered altar of Ashenzari.
  3784 | D:3      | Reached skill level 5 in Fighting
  4309 | D:5      | Entered Level 5 of the Dungeon
  4383 | D:5      | Got an ancient ring mail
  4384 | D:5      | Identified the +2 ring mail of the Trilobite {rPois rN+
                  | Str-2} (You found it on level 5 of the Dungeon)
  4407 | D:5      | Reached XP level 7. HP: 61/61 MP: 7/7
  4422 | D:5      | Reached skill level 7 in Axes
  4621 | D:5      | Reached skill level 1 in Throwing
  4679 | D:5      | Reached skill level 8 in Axes
  4852 | D:5      | Reached skill level 1 in Stealth
  4877 | D:5      | Reached XP level 8. HP: 40/70 MP: 8/8
  5164 | D:5      | Noticed Eustachio
  5179 | D:5      | Killed Eustachio
  5413 | D:6      | Found a shadowy altar of Dithmenos.
  5427 | D:6      | Reached skill level 9 in Axes
  5490 | D:6      | Found a sand-covered staircase.
  5661 | D:6      | Found a sparkling altar of Nemelex Xobeh.
  5661 | D:6      | Found a basalt altar of Yredelemnul.
  6379 | D:6      | Reached skill level 10 in Axes
  6436 | D:7      | Reached skill level 5 in Armour
  6480 | D:7      | Reached skill level 5 in Shields
  6480 | D:7      | Reached XP level 9. HP: 58/78 MP: 9/9
  6541 | D:7      | Found Nauphed's Elemental Accessories.
  6672 | D:7      | Reached skill level 11 in Axes
  6875 | D:7      | Found Daqogomn's Gadget Shop.
  7180 | D:7      | Found a staircase to the Ecumenical Temple.
  7244 | D:8      | Noticed a two-headed ogre
  7273 | D:8      | Killed a two-headed ogre
  7273 | D:8      | Reached skill level 12 in Axes
  7628 | D:8      | Noticed Linguinho's ghost (novice GrBe)
  7631 | D:8      | Found a runed translucent gate.
  7631 | D:8      | Found a runed translucent gate.
  7631 | D:8      | Found a runed translucent gate.
  7670 | D:8      | Reached XP level 10. HP: 66/88 MP: 10/10
  8038 | D:8      | Found a staircase to the Lair.
  8095 | D:8      | Reached skill level 13 in Axes
  8639 | D:9      | Found a transporter.
  8640 | D:9      | Noticed a death knight
  8642 | D:9      | Noticed Linguinho's ghost (novice GrBe)
  9075 | D:9      | Found a transporter.
  9094 | D:9      | Noticed Grum
  9119 | D:9      | Killed Grum
  9791 | D:10     | Entered Level 10 of the Dungeon
  9893 | D:10     | Found a staircase to the Orcish Mines.
 10117 | D:10     | Noticed a two-headed ogre
 10141 | D:10     | Killed a two-headed ogre
 10141 | D:10     | Reached skill level 14 in Axes
 10445 | D:10     | Noticed a two-headed ogre
 10460 | D:10     | Killed a two-headed ogre
 10460 | D:10     | Reached XP level 11. HP: 69/97 MP: 11/11
 11198 | Orc:1    | Entered Level 1 of the Orcish Mines
 11352 | Orc:2    | Entered Level 2 of the Orcish Mines
 11443 | Orc:2    | Noticed an ettin
 11902 | Orc:1    | Found a frozen archway.
 11915 | Orc:1    | Reached skill level 15 in Axes
 12250 | Orc:1    | Reached skill level 10 in Fighting
 12521 | Orc:1    | Noticed an orc knight
 12551 | Orc:1    | Killed an orc knight
 12626 | Orc:1    | Noticed a two-headed ogre
 12647 | Orc:1    | Killed a two-headed ogre
 13146 | Orc:1    | Noticed an ettin
 13222 | Orc:1    | HP: 5/101 [ettin/+0 dire flail (31)]
 13222 | Orc:1    | Slain by an ettin

Levels and vault maps discovered:
D:1:      evilmike_arrival_come_back, layout_loops_ring, minmay_pentomino_u4
D:2:      layout_loops_cross, kiku_gazebo_pond_becter,
          okawaru_metal_pillars_1_2, first_ration
D:3:      layout_loops_corners, nicolae_ashenzari_panopticon
D:4:      layout_basic, led_xom_imps, kennysheep_mini
D:5:      layout_basic, uniq_eustachio
D:6:      layout_loops_corners, grunt_dithmenos_smoke,
          gammafunk_temple_overflow_wave, enter_ossuary_4,
          kennysheep_generic_room_12
D:7:      layout_rooms, minmay_temple_entry_nine_rooms, serial_shops, shop,
          nicolae_elemental_shop
D:8:      layout_loops_ring, lair_entry_dummy, gammafunk_ghost_split
D:9:      layout_basic, gammafunk_ghost_mausoleum,
          hangedman_little_slice_of_home, uniq_grum
D:10:     layout_small_grid, minmay_orc_entry_guard_dogs,
          minmay_misc_feat_hallway
Orc:1:    layout_diamond_mine, portal_ice_cave_entry_ice_beasts, rock_pile
Orc:2:    grunt_orc_tribal_feast, layout_diamond_mine

Skill      XL: |  1  2  3  4  5  6  7  8  9 10 11 |
---------------+----------------------------------+-----
Axes           | 3 4 5 6 8 10 12 14 15 | 15.6
Fighting       | 4 5 6 7 9 10 | 10.3
Armour         | 4 5 6 |  6.9
Shields        | 4 5 6 7 |  7.4
Dodging        | 1 2 3 |  3.2
Throwing       | 1 2 3 |  3.0
Stealth        | 1 2 |  2.0

Action                   |  1- 3 |  4- 6 |  7- 9 | 10-12 || total
-------------------------+-------+-------+-------+-------++-------
Melee: War axe           |   100 |   178 |   309 |   447 ||  1034
Throw: Dart              |       |     7 |    34 |    45 ||    86
  Use: Potion            |     4 |     2 |     4 |     2 ||    12
       Scroll            |     3 |     7 |     3 |     5 ||    18
 Stab: Sleeping          |       |       |     5 |       ||     5
  Eat: Chunk             |     1 |     4 |     1 |       ||     6
       Ration            |       |     2 |     3 |     5 ||    10
Armor: Scale mail        |    56 |    65 |       |       ||   121
       Ring mail         |       |       |   135 |   122 ||   257
Dodge: Dodged            |    34 |    55 |    99 |   165 ||   353
       Deflected         |     1 |     1 |     4 |    13 ||    19
Block: Shield            |    55 |    94 |   181 |   216 ||   546

Table legend:
 A = Non-vault XP
 B = Vault XP
 C = Vault XP percentage of total XP
 D = Non-vault monster count
 E = Vault monster count
 F = Vault count percentage of total count
                 A         B        C        D         E       F
            +---------+---------+-------+---------+---------+-------
      Total |   12236 |    2917 |  19.3 |     217 |      39 |  15.2
            +---------+---------+-------+---------+---------+-------
        D:1 |      25 |       7 |  21.9 |      19 |       4 |  17.4
        D:2 |      30 |       0 |   0.0 |      12 |       0 |   0.0
        D:3 |     141 |       0 |   0.0 |      18 |       0 |   0.0
        D:4 |     157 |     194 |  55.3 |      11 |       4 |  26.7
        D:5 |     676 |     202 |  23.0 |      24 |       1 |   4.0
        D:6 |     687 |       4 |   0.6 |      23 |       3 |  11.5
        D:7 |     934 |       0 |   0.0 |      17 |       0 |   0.0
        D:8 |    2089 |       0 |   0.0 |      27 |       0 |   0.0
        D:9 |     546 |     809 |  59.7 |      10 |      13 |  56.5
       D:10 |    3228 |     652 |  16.8 |      25 |       4 |  13.8
      Orc:1 |    3723 |    1049 |  22.0 |      31 |      10 |  24.4
            +---------+---------+-------+---------+---------+-------
